 Dungeon Crawl Stone Soup version 0.31-a0-806-g0bc164a743 (webtiles) character file.

Game seed: 3433266012784756003

1299 GilGalad the Shield-Bearer (level 8, -10/67 HPs)
             Began as a Gnoll Fighter on Sept 21, 2023.
             Was an Initiate of Gozag.
             Mangled by a sixfirhy (11 damage)
             ... summoned by a kobold demonologist
             ... on level 5 of the Dungeon.
             The game lasted 00:13:52 (4779 turns).

GilGalad the Shield-Bearer (Gnoll Fighter)          Turns: 4779, Time: 00:13:52

Health: -10/67     AC: 11    Str: 18    XL:     8   Next: 57%
Magic:  13/13      EV: 10    Int:  8    God:    Gozag
Gold:   254        SH:  0    Dex: 11    Spells: 13/13 levels left

rFire   . . .        a - +8 sling "Widowmaker" {flame, rPois Will+}
rCold   . . .        (no shield)
rNeg    . . .        t - +0 scale mail
rPois   +            v - +1 helmet
rElec   .            u - +0 cloak
rCorr   .            (no gloves)
SInv    .            (no boots)
Will    +....        (no amulet)
Stlth   +            (no ring)
HPRegen 0.31/turn    (no ring)
MPRegen 0.13/turn

%: no passive effects
@: no status effects
A: fangs 1, strong nose, distributed training
a: Renounce Religion, Potion Petition, Call Merchant, Bribe Branch


You were on level 5 of the Dungeon.
You worshipped Gozag.
Gozag was aware of your devotion.
You visited 2 branches of the dungeon, and saw 6 of its levels.
You also visited: Sewer.

You collected 360 gold pieces.
You paid 106 gold pieces to Gozag.

Inventory:

Hand Weapons
 a - the +8 sling "Widowmaker" (weapon) {flame, rPois Will+}
   (You found it on level 5 of the Dungeon)

   rPois:     It protects you from poison Will+: It increases your willpower.
 b - a +4 quarterstaff of chaos
 o - a +0 dagger of electrocution
 q - a +2 spear of flaming
 y - a +0 war axe
 C - a +0 short sword
 F - the +6 sling of the Thing {antimagic, rC+}
   (You found it on level 4 of the Dungeon)

   rC+:       It protects you from cold.
Missiles
 f - 18 stones
 k - 14 poisoned darts
Armour
 c - a +0 buckler
 t - a +0 scale mail (worn)
 u - a +0 cloak (worn)
 v - a +1 helmet (worn)
 H - a scarf of invisibility
Jewellery
 m - a ring of wizardry
Talismans
 E - a beast talisman
Scrolls
 e - a scroll of noise {unknown}
 g - 3 scrolls of teleportation {unknown}
 i - a scroll of amnesia {unknown}
 j - 3 scrolls of blinking
 l - 3 scrolls of fear {unknown}
 r - a scroll of summoning {unknown}
 s - a scroll of vulnerability {unknown}
 w - 2 scrolls of revelation {unknown}
 x - a scroll of torment {unknown}
 A - a scroll of enchant weapon {unknown}
 G - a scroll of brand weapon {unknown}
 K - a scroll of immolation {unknown}
Potions
 d - 2 potions of might
 h - 2 potions of curing
 n - a potion of degeneration
 p - 2 potions of haste
 z - 4 potions of heal wounds
 B - a potion of mutation {unknown}
 D - a potion of brilliance {unknown}
 I - a potion of resistance {unknown}
 J - a potion of lignification {unknown}


   Skills:
 + Level 7.4 Fighting
 + Level 3.4 Short Blades
 + Level 3.4 Long Blades
 + Level 5.8 Axes
 + Level 3.4 Maces & Flails
 + Level 3.4 Polearms
 + Level 3.4 Staves
 + Level 3.4 Ranged Weapons
 + Level 3.4 Throwing
 + Level 7.4 Armour
 + Level 3.4 Dodging
 + Level 3.4 Stealth
 + Level 7.4 Shields
 + Level 3.4 Unarmed Combat
 + Level 3.4 Spellcasting
 + Level 2.8 Conjurations
 + Level 2.8 Hexes
 + Level 2.8 Summonings
 + Level 2.8 Necromancy
 + Level 2.8 Translocations
 + Level 2.8 Transmutations
 + Level 2.8 Fire Magic
 + Level 2.8 Ice Magic
 + Level 2.8 Air Magic
 + Level 2.8 Earth Magic
 + Level 2.8 Poison Magic
 + Level 3.8 Invocations
 + Level 3.4 Evocations
 + Level 3.1 Shapeshifting


You had 13 spell levels left.
You didn't know any spells.
Your spell library contained the following spells:

 Spells                   Type           Power      Damage    Failure   Level
 Call Imp                 Summ           10%        N/A       38%         2
 Summon Ice Beast         Ice/Summ       5%         N/A       95%         4
 Summon Forest            Summ/Tloc      2%         N/A       100%        5
 Summon Mana Viper        Hex/Summ       5%         N/A       100%        5
 Leda's Unmaking          Conj/Erth      2%         9d1       100%        6
 Summon Cactus Giant      Summ           2%         N/A       100%        6
 Summon Horrible Things   Summ           2%         N/A       100%        8


Dungeon Overview and Level Annotations

Branches:
Dungeon (5/15)             Temple (1/1) D:5           Sewer (visited)

Altars:
Ashenzari
Cheibriados
Elyvilon
Gozag
Hepliaklqana
Nemelex Xobeh
Ru
Uskayaw
Wu Jian
Xom
Yredelemnul
The Shining One

Shops:
D:2 *   D:4 :[[


Innate Abilities, Weirdness & Mutations

You have very sharp teeth.
Your uncanny sense of smell can sniff out nearby items.
Your experience applies equally to all skills.


Message History

You shoot a sling bullet.
The sling bullet closely misses the orc warrior.
The orc warrior barely misses you.
The orc warrior hits you with a +0 war axe.
The kobold demonologist looks satisfied for a moment.
You shoot a sling bullet. The sling bullet hits the orc warrior.
The sling bullet burns the orc warrior.
The orc warrior is almost dead.
The orc warrior barely misses you.
You shoot a sling bullet.
The sling bullet closely misses the orc warrior.
The orc warrior closely misses you.
You shoot a sling bullet. The sling bullet hits the orc warrior.
The sling bullet burns the orc warrior.
You kill the orc warrior!
The kobold demonologist gestures wildly while chanting.
You shoot a sling bullet.
The sling bullet hits the kobold demonologist!
The sling bullet burns the kobold demonologist.
The kobold demonologist is moderately wounded.
The sixfirhy hits you but does no damage.
You shoot a sling bullet.
The sling bullet closely misses the sixfirhy.
The sixfirhy hits you but does no damage. x2
The sixfirhy hits you but does no damage.
The sixfirhy hits you. The sixfirhy shocks you! The sixfirhy hits you!
* * * LOW HITPOINT WARNING * * *
The sixfirhy shocks you!
* * * LOW HITPOINT WARNING * * *
The sixfirhy hits you but does no damage.
Blink to where?
Press: ? - help, Dir - move target, p - sixfirhy
As you read the scroll labelled WYTIXZEBBA, it crumbles to dust.
It was a scroll of blinking.
The orc shouts!
The sixfirhy hits you!
* * * LOW HITPOINT WARNING * * *
The sixfirhy shocks you!
You die...
Your body crumbles into a pile of gold.

#..#####..#####..# #..
#......#..#......# #..
#......#..#..... ####.
#####..#))#..#####..##
#..[...#..#......##...
#......#..#.o....##...
#..#####..#####..#'...
#).....#..#......#####
#....@.#..#..S.. #....
#####3.#..#..#####....
#......#..#......#....
#..§...#..#...o..#....
#..#####..#####..#....
#......#..# #....
#...3K.#..# #####
#####..#..# #...'
#[.∆#..#..# ∆ #..†#


You could see a sixfirhy (summoned) and an orc.

Vanquished Creatures
  Sigmund (D:5)
  Edmund (D:5)
  An orc warrior (D:5)
  A black bear (D:5)
  An ogre (D:5)
  A kobold brigand (Sewer)
  A scorpion (D:4)
  3 hounds
  Crazy Yiuf (D:3)
  An orc priest (D:5)
  A sleepcap (D:5)
  2 orc wizards (D:5)
  Terence (D:3)
  2 iguanas
  3 gnolls (D:4)
  2 river rats (Sewer)
  14 adders
  A white imp (D:5)
  4 worms
  4 dart slugs
  10 orcs
  9 endoplasms
  6 giant cockroaches
  10 goblins
  11 hobgoblins
  7 jackals
  9 quokkas
  5 ball pythons
  5 bats
  7 frilled lizards
  7 kobolds
  6 rats
138 creatures vanquished.

Notes
Turn   | Place    | Note
-------+----------+-------------------------------------------
     0 | D:1      | GilGalad the Gnoll Fighter began the quest for the Orb.
     0 | D:1      | Reached XP level 1. HP: 23/23 MP: 1/1
   213 | D:1      | Reached XP level 2. HP: 25/29 MP: 2/2
   639 | D:2      | Found Veiffey's General Store.
   645 | D:2      | Reached XP level 3. HP: 32/35 MP: 3/3
   676 | D:2      | Reached skill level 1 in Invocations
   835 | D:2      | Reached skill level 1 in Short Blades
   835 | D:2      | Reached skill level 1 in Long Blades
   835 | D:2      | Reached skill level 1 in Maces & Flails
   835 | D:2      | Reached skill level 1 in Polearms
   835 | D:2      | Reached skill level 1 in Staves
   835 | D:2      | Reached skill level 1 in Ranged Weapons
   835 | D:2      | Reached skill level 1 in Throwing
   835 | D:2      | Reached skill level 1 in Dodging
   835 | D:2      | Reached skill level 1 in Stealth
   835 | D:2      | Reached skill level 1 in Unarmed Combat
   835 | D:2      | Reached skill level 1 in Spellcasting
   835 | D:2      | Reached skill level 1 in Evocations
  1099 | D:3      | Reached skill level 1 in Shapeshifting
  1099 | D:3      | Reached XP level 4. HP: 41/41 MP: 5/5
  1230 | D:3      | Reached skill level 1 in Conjurations
  1230 | D:3      | Reached skill level 1 in Hexes
  1230 | D:3      | Reached skill level 1 in Summonings
  1230 | D:3      | Reached skill level 1 in Necromancy
  1230 | D:3      | Reached skill level 1 in Translocations
  1230 | D:3      | Reached skill level 1 in Transmutations
  1230 | D:3      | Reached skill level 1 in Fire Magic
  1230 | D:3      | Reached skill level 1 in Ice Magic
  1230 | D:3      | Reached skill level 1 in Air Magic
  1230 | D:3      | Reached skill level 1 in Earth Magic
  1230 | D:3      | Reached skill level 1 in Poison Magic
  1401 | D:3      | Got a lithographed book
  1599 | D:3      | Found a runed translucent door.
  1600 | D:3      | Noticed Crazy Yiuf
  1609 | D:3      | Killed Crazy Yiuf
  1610 | D:3      | Reached XP level 5. HP: 10/47 MP: 5/7
  1897 | D:3      | Noticed Terence
  1902 | D:3      | Killed Terence
  2097 | D:4      | Found Kitz's Antique Armour Shoppe.
  2110 | D:4      | Reached XP level 6. HP: 53/53 MP: 8/8
  2119 | D:4      | Identified the +6 sling of the Thing {antimagic, rC+}
  2135 | D:4      | Reached skill level 5 in Axes
  2157 | D:4      | Found Ataadeca's Book Boutique.
  2193 | D:4      | Found a glowing drain.
  2208 | Sewer    | Entered a sewer
  2460 | Sewer    | Reached XP level 7. HP: 59/59 MP: 10/10
  3004 | D:4      | Found Ocutziqe's Antique Armour Shoppe.
  3415 | D:5      | Entered Level 5 of the Dungeon
  3547 | D:5      | Found a snail-covered altar of Cheibriados.
  3700 | D:5      | Identified the +8 sling "Widowmaker" {flame, rPois Will+}
  3965 | D:5      | Noticed Sigmund
  3973 | D:5      | Killed Sigmund
  4017 | D:5      | Noticed Edmund
  4029 | D:5      | Killed Edmund
  4030 | D:5      | Reached XP level 8. HP: 32/67 MP: 12/12
  4306 | D:5      | Found a staircase to the Ecumenical Temple.
  4368 | Temple   | Entered the Ecumenical Temple
  4384 | Temple   | Became a worshipper of Gozag Ym Sagoz the Greedy
  4762 | D:5      | Noticed a kobold demonologist
  4771 | D:5      | Noticed a sixfirhy
  4779 | D:5      | HP: 1/67 [sixfirhy[a kobold demonologist] (7)]
  4779 | D:5      | Mangled by a sixfirhy

Illustrated notes

Levels and vault maps discovered:
D:1:      wander_arrival_lonely_grave, layout_basic, serial_corexii_hall,
          corexii_hall_statues_i, corexii_hall_statues_s
D:2:      layout_rooms, serial_shops, shop, nrook_loot_triangle,
          chequers_mini_garden
D:3:      minmay_bubble_buster, layout_loops_cross, uniq_crazy_yiuf_cottage,
          uniq_terence
D:4:      layout_cave_pools, serial_shops, nicolae_shop_window_shopping,
          nicolae_shop_window_shopping, nicolae_shop_overgrown_old_shop,
          gup_sewer_entry_pipe, kennysheep_generic_room_13
D:5:      kennysheep_windowed_halls, layout_gridville, cheibriados_altar_1,
          minmay_temple_entry_proselytizer, minivault_4,
          sigmund_edmund_badplayer
Temple:   jpeg_temple_clearing

Skill      XL: |  1  2  3  4  5  6  7  8 |
---------------+-------------------------+-----
Invocations    | 1 2 3 |  3.8
Short Blades   | 1 2 3 |  3.4
Long Blades    | 1 2 3 |  3.4
Maces & Flails | 1 2 3 |  3.4
Polearms       | 1 2 3 |  3.4
Staves         | 1 2 3 |  3.4
Ranged Weapons | 1 2 3 |  3.4
Throwing       | 1 2 3 |  3.4
Dodging        | 1 2 3 |  3.4
Stealth        | 1 2 3 |  3.4
Unarmed Combat | 1 2 3 |  3.4
Spellcasting   | 1 2 3 |  3.4
Evocations     | 1 2 3 |  3.4
Shapeshifting  | 1 2 3 |  3.1
Conjurations   | 1 2 |  2.8
Hexes          | 1 2 |  2.8
Summonings     | 1 2 |  2.8
Necromancy     | 1 2 |  2.8
Translocations | 1 2 |  2.8
Transmutations | 1 2 |  2.8
Fire Magic     | 1 2 |  2.8
Ice Magic      | 1 2 |  2.8
Air Magic      | 1 2 |  2.8
Earth Magic    | 1 2 |  2.8
Poison Magic   | 1 2 |  2.8
Axes           | 5 |  5.8
Fighting       | 7 |  7.4
Armour         | 7 |  7.4
Shields        | 7 |  7.4

Action                     |  1- 3 |  4- 6 |  7- 9 || total
---------------------------+-------+-------+-------++-------
  Melee: War axe           |    60 |       |       ||    60
         Bite              |     8 |     7 |     4 ||    19
         Dagger            |    23 |       |       ||    23
         Spear             |     9 |    60 |       ||    69
         Quarterstaff      |       |    91 |    53 ||   144
   Fire: Sling             |       |       |    81 ||    81
    Use: Potion            |       |     1 |       ||     1
         Scroll            |       |       |     5 ||     5
   Stab: Paralysed         |       |     1 |       ||     1
 Armour: Scale mail        |    64 |    94 |    91 ||   249
  Dodge: Dodged            |    41 |    71 |    50 ||   162
  Block: Buckler           |    29 |    13 |       ||    42

Table legend: (Time is in decaauts)
 A = Elapsed time spent in this place.
 B = Non-inter-level travel time spent in this place.
 C = Inter-level travel time spent in this place.
 D = Time resting spent in this place.
 E = Time spent auto-exploring this place.
 F = Levels seen in this place.
 G = Mean time per level.
                   A        B        C        D        E       F      G
               +--------+--------+--------+--------+--------+-----+--------+
         Total |   4983 |   4594 |    389 |      8 |   3541 |   7 |  711.9 |
       Dungeon |   4189 |   3830 |    359 |      0 |   2997 |   5 |  837.8 |
        Temple |     32 |      2 |     30 |      0 |      0 |   1 |   32.0 |
         Sewer |    761 |    761 |      0 |      8 |    543 |   1 |  761.0 |
               +--------+--------+--------+--------+--------+-----+--------+

Top non-repeatable levels by time:
     D:5: 1361 daAuts
     D:3: 966 daAuts
   Sewer: 761 daAuts
     D:2: 625 daAuts
     D:1: 620 daAuts
     D:4: 616 daAuts
  Temple: 32 daAuts
